 Dungeon Crawl Stone Soup version 0.29-a0-414-g5075937ec3 (webtiles) character file.

Game seed: 3889402775276402931

868 bande the Quickloader (level 8, -1/71 HPs)
             Began as a Gnoll Wanderer on May 15, 2022.
             Succumbed to Dowan's poison
             ... on level 5 of the Dungeon.
             The game lasted 00:09:42 (5228 turns).

bande the Quickloader (Gnoll Wanderer)              Turns: 5228, Time: 00:09:46

Health: -1/71      AC: 13    Str: 14    XL:     8   Next: 3%
Magic:  2/12       EV:  7    Int: 11    God:
Gold:   323        SH:  0    Dex: 12    Spells: 12/12 levels left

rFire   . . .      SeeInvis .   a - +4 hand crossbow (chaos)
rCold   + . .      Faith    .   (no shield)
rNeg    . . .      Spirit   +   g - +0 chain mail
rPois   .          Reflect  .   u - +0 helmet
rElec   .          Harm     .   q - +1 cloak
rCorr   .          Rampage  .   t - +0 pair of gloves
Will    .....                   (no boots)
Stlth   ..........              j - amulet of guardian spirit
HPRegen 0.21/turn               f - ring of protection from cold
MPRegen 0.13/turn               (no ring)

@: lethally poisoned (-1 -> -26)
A: fangs 1, strong nose, distributed training
a: no special abilities


You were on level 5 of the Dungeon.
You visited 1 branch of the dungeon, and saw 5 of its levels.

You collected 323 gold pieces.

Inventory:

Hand Weapons
 a - a +4 hand crossbow of chaos (weapon)
 o - the +4 hand axe "Ituurcha" {antimagic, Str+4}
   (You found it on level 3 of the Dungeon)

   It reduces the magical energy of the wielder, and disrupts the spells and
   magical abilities of those it strikes.
   Natural abilities and divine invocations are not affected.
   Str:       It affects your strength (+4).
 r - a +0 flail of draining
Armour
 g - a +0 chain mail (worn)
 q - a +1 cloak (worn)
 t - a +0 pair of gloves (worn)
 u - a +0 helmet (worn)
Jewellery
 f - a ring of protection from cold (left hand)
 j - an amulet of guardian spirit (around neck)
 l - an amulet of faith
 s - an amulet of reflection
Wands
 b - a wand of mindburst (10)
Scrolls
 c - 6 scrolls of teleportation
 p - a scroll of enchant weapon
Potions
 d - a potion of invisibility {unknown}
 e - 2 potions of brilliance {unknown}
 h - a potion of mutation {unknown}
 i - a potion of flight
 k - a potion of magic {unknown}
 m - a potion of berserk rage {unknown}
 n - a potion of degeneration {unknown}


   Skills:
 + Level 9.0 Fighting
 + Level 3.9 Short Blades
 + Level 2.8 Long Blades
 + Level 2.8 Axes
 + Level 2.8 Maces & Flails
 + Level 2.8 Polearms
 + Level 2.8 Staves
 + Level 2.8 Slings
 + Level 2.8 Bows
 + Level 9.0 Crossbows
 + Level 2.8 Throwing
 + Level 2.8 Armour
 + Level 3.9 Dodging
 + Level 2.8 Stealth
 + Level 2.8 Shields
 + Level 2.8 Unarmed Combat
 + Level 2.8 Spellcasting
 + Level 2.3 Conjurations
 + Level 2.3 Hexes
 + Level 2.3 Summonings
 + Level 2.3 Necromancy
 + Level 2.3 Translocations
 + Level 2.3 Transmutations
 + Level 2.3 Fire Magic
 + Level 2.3 Ice Magic
 + Level 2.3 Air Magic
 + Level 2.3 Earth Magic
 + Level 2.3 Poison Magic
 + Level 3.1 Invocations
 + Level 2.8 Evocations


You had 12 spell levels left.
You didn't know any spells.
Your spell library contained the following spells:

 Spells                   Type           Power      Damage    Failure   Level
 Blink                    Tloc           12%        N/A       98%         2
 Lesser Beckoning         Tloc           6%         N/A       100%        3
 Manifold Assault         Tloc           6%         N/A       100%        5


Dungeon Overview and Level Annotations

Branches:
Dungeon (5/15)
 Temple: D:4-7

Altars:
Dithmenos
Kikubaaqudgha
Xom

Shops:
D:5 (

Annotations:
D:1 2 transporters
D:5 Dowan


Innate Abilities, Weirdness & Mutations

You have very sharp teeth.
Your uncanny sense of smell can sniff out nearby items.
Your experience applies equally to all skills.


Message History

What are your orders? t - Bark!
Orders for allies: a - Attack new target. p - Attack previous target. r - Retreat! s - Stop attacking. g - Guard the area. f - Follow me.
Anything else - Cancel.
Okay, then.
Shoot: a) +4 hand crossbow (chaos)
Press: ? - help, Q - select action, (/) - cycle Shift-Dir - straight line, f/p - Duvessa
Aim: Duvessa, wielding a +0 short sword and wearing a +0 leather armour (almost dead, fast, strong, 73% to hit)
You shoot a bolt. The bolt hits Duvessa!
You kill Duvessa!
Dowan screams, "No!
No!"
Dowan seems to find hidden reserves of power!
Dowan gestures at you while chanting. The stone arrow misses you.
Dowan gestures at you while chanting. The shard of ice hits you!
You partially resist.
* * * LOW HITPOINT WARNING * * *
You have reached level 8!
You feel stronger.
As you read the scroll of teleportation, it crumbles to dust.
You feel strangely unstable.
Dowan hits you with a +0 dagger of venom.
* * * LOW HITPOINT WARNING * * *
You are poisoned.
* * * LOW HITPOINT WARNING * * *
You feel very sick.
* * * LOW HITPOINT WARNING * * *
You feel sick. Dowan hits you but does no damage.
Dowan hits you with a +0 dagger of venom.
* * * LOW HITPOINT WARNING * * *
You are more poisoned.
Dowan attacks as you move away!
Dowan hits you with a +0 dagger of venom.
* * * LOW HITPOINT WARNING * * *
You are more poisoned.
Your surroundings suddenly seem different.
Found 2 coppery potions.
You die...

.##.##..## .##......#
.# .#####...# .#
.#####...##### .#
........>..... ..
.........##.## .###
.........+ .. ...
.........# #.##.###
.........# #@...#
.........##.......#.#
##############.#....
#.#...... # #......!.
#........ #.#..!...
#.#.#####


There were no monsters in sight!

Vanquished Creatures
  Duvessa (D:5)
  The ghost of sammy202020 the Skirmisher, an amateur MiFi (D:3)
  An ice beast (D:5)
  An ogre (D:5)
  2 orc priests
  2 iguanas (D:4)
  3 orc wizards
  Robin (D:3)
  7 gnolls
  10 adders
  2 ufetubi (D:4)
  2 worms
  5 dart slugs
  20 orcs
  9 ball pythons
  5 bats
  9 endoplasms
  4 giant cockroaches
  12 hobgoblins
  3 jackals (D:1)
  3 kobolds
  6 quokkas
  A frilled lizard (D:3)
  12 goblins
  2 rats
124 creatures vanquished.

Vanquished Creatures (others)
  26 plants (D:3)
26 creatures vanquished.

Grand Total: 150 creatures vanquished

Notes
Turn   | Place    | Note
-------+----------+-------------------------------------------
     0 | D:1      | bande the Gnoll Wanderer began the quest for the Orb.
     0 | D:1      | bande set off with the following items: a +3 hand crossbow,
                  | a +0 short sword, a scroll of teleportation, a +0 robe
     0 | D:1      | Reached XP level 1. HP: 26/26 MP: 1/1
    57 | D:1      | Reached XP level 2. HP: 33/33 MP: 2/2
   213 | D:1      | Reached XP level 3. HP: 38/38 MP: 3/3
   434 | D:1      | Reached skill level 1 in Invocations
   670 | D:2      | Reached skill level 1 in Long Blades
   670 | D:2      | Reached skill level 1 in Axes
   670 | D:2      | Reached skill level 1 in Maces & Flails
   670 | D:2      | Reached skill level 1 in Polearms
   670 | D:2      | Reached skill level 1 in Staves
   670 | D:2      | Reached skill level 1 in Slings
   670 | D:2      | Reached skill level 1 in Bows
   670 | D:2      | Reached skill level 1 in Throwing
   670 | D:2      | Reached skill level 1 in Armour
   670 | D:2      | Reached skill level 1 in Stealth
   670 | D:2      | Reached skill level 1 in Shields
   670 | D:2      | Reached skill level 1 in Unarmed Combat
   670 | D:2      | Reached skill level 1 in Spellcasting
   670 | D:2      | Reached skill level 1 in Evocations
   756 | D:2      | Found a shadowy altar of Dithmenos.
   874 | D:2      | Reached XP level 4. HP: 45/45 MP: 5/5
   972 | D:2      | Reached skill level 1 in Conjurations
   972 | D:2      | Reached skill level 1 in Hexes
   972 | D:2      | Reached skill level 1 in Summonings
   972 | D:2      | Reached skill level 1 in Necromancy
   972 | D:2      | Reached skill level 1 in Translocations
   972 | D:2      | Reached skill level 1 in Transmutations
   972 | D:2      | Reached skill level 1 in Fire Magic
   972 | D:2      | Reached skill level 1 in Ice Magic
   972 | D:2      | Reached skill level 1 in Air Magic
   972 | D:2      | Reached skill level 1 in Earth Magic
   972 | D:2      | Reached skill level 1 in Poison Magic
  1211 | D:2      | Reached XP level 5. HP: 51/51 MP: 6/6
  1611 | D:3      | Found a shimmering altar of Xom.
  1661 | D:3      | Found an ancient bone altar of Kikubaaqudgha.
  2128 | D:3      | Reached XP level 6. HP: 57/57 MP: 8/8
  2170 | D:3      | Identified the +4 hand axe "Ituurcha" {antimagic, Str+4}
  2288 | D:3      | Found a runed translucent door.
  2291 | D:3      | Noticed sammy202020's ghost (amateur MiFi)
  2631 | D:3      | Noticed Robin
  2643 | D:3      | Killed Robin
  3030 | D:3      | Killed sammy202020's ghost
  3031 | D:3      | Reached XP level 7. HP: 19/63 MP: 1/10
  4184 | D:4      | Found a shadowy altar of Dithmenos.
  4857 | D:5      | Entered Level 5 of the Dungeon
  5165 | D:5      | Found Vulyprul's Weapon Emporium.
  5213 | D:5      | Noticed Duvessa
  5214 | D:5      | Noticed Dowan
  5223 | D:5      | Killed Duvessa
  5224 | D:5      | Reached XP level 8. HP: 16/71 MP: 3/12
  5228 | D:5      | Succumbed to Dowan's poison

Illustrated notes

Levels and vault maps discovered:
D:1:      spicycebolla_arrival_transporter_tutorial, layout_loops_ring,
          hangedman_decor_riveting
D:2:      layout_basic, basic_altar
D:3:      layout_basic, mainiacjoe_overflow_catch_the_wave,
          ebering_ghost_sewer_d, saegor_snake_ambush, uniq_robin
D:4:      layout_loops_ring, grunt_dithmenos_smoke, kennysheep_generic_room_16
D:5:      layout_basic, serial_shops, nicolae_diamond_shop, uniq_duvessa,
          uniq_pikel, uniq_crazy_yiuf_cottage

Skill      XL: |  1  2  3  4  5  6  7 |
---------------+----------------------+-----
Invocations    | 1 2 3 |  3.1
Long Blades    | 1 2 |  2.8
Axes           | 1 2 |  2.8
Maces & Flails | 1 2 |  2.8
Polearms       | 1 2 |  2.8
Staves         | 1 2 |  2.8
Slings         | 1 2 |  2.8
Bows           | 1 2 |  2.8
Throwing       | 1 2 |  2.8
Armour         | 1 2 |  2.8
Stealth        | 1 2 |  2.8
Shields        | 1 2 |  2.8
Unarmed Combat | 1 2 |  2.8
Spellcasting   | 1 2 |  2.8
Evocations     | 1 2 |  2.8
Conjurations   | 1 2 |  2.3
Hexes          | 1 2 |  2.3
Summonings     | 1 2 |  2.3
Necromancy     | 1 2 |  2.3
Translocations | 1 2 |  2.3
Transmutations | 1 2 |  2.3
Fire Magic     | 1 2 |  2.3
Ice Magic      | 1 2 |  2.3
Air Magic      | 1 2 |  2.3
Earth Magic    | 1 2 |  2.3
Poison Magic   | 1 2 |  2.3
Short Blades   | 3 |  3.9
Dodging        | 3 |  3.9
Fighting       | 9 |  9.0
Crossbows      | 9 |  9.0

Action                   |  1- 3 |  4- 6 |  7- 9 || total
-------------------------+-------+-------+-------++-------
Melee: Hand axe          |       |    11 |       ||    11
       Bite              |       |     2 |       ||     2
       Hand crossbow     |       |       |     1 ||     1
 Fire: Hand crossbow     |    57 |   169 |    91 ||   317
  Use: Scroll            |       |     8 |     6 ||    14
       Potion            |       |     3 |       ||     3
Armor: Robe              |     4 |     5 |       ||     9
       Chain mail        |       |    82 |    58 ||   140
Dodge: Dodged            |     5 |    49 |    15 ||    69

Table legend: (Time is in decaauts)
 A = Elapsed time spent in this place.
 B = Non-inter-level travel time spent in this place.
 C = Inter-level travel time spent in this place.
 D = Time resting spent in this place.
 E = Time spent auto-exploring this place.
 F = Levels seen in this place.
 G = Mean time per level.
                   A        B        C        D        E       F      G
               +--------+--------+--------+--------+--------+-----+--------+
         Total |   5372 |   5294 |     78 |   1326 |   3071 |   5 | 1074.4 |
       Dungeon |   5372 |   5294 |     78 |   1326 |   3071 |   5 | 1074.4 |
               +--------+--------+--------+--------+--------+-----+--------+

Top non-repeatable levels by time:
     D:3: 1755 daAuts
     D:4: 1425 daAuts
     D:2: 1148 daAuts
     D:1: 656 daAuts
     D:5: 387 daAuts
